 Dungeon Crawl Stone Soup version 0.19.0-20-gbc5f0c6 (console) character file.

367 Jesseh the Chopper (level 6, -1/57 HPs)
             Began as a Deep Dwarf Fighter on Nov 17, 2016.
             Was an Initiate of Makhleb.
             Slain by an ogre
             ... wielding a cursed -3 giant spiked club
              (15 damage)
             ... on level 4 of the Dungeon.
             The game lasted 00:29:33 (2884 turns).

Jesseh the Chopper (Deep Dwarf Fighter)             Turns: 2884, Time: 00:29:33

Health: -1/57      AC: 10    Str: 20    XL:     6   Next: 41%
Magic:  6/6        EV:  7    Int:  9    God:    Makhleb [......]
Gold:   146        SH:  8    Dex: 13    Spells: 0 memorised, 5 levels left

rFire  . . .     SeeInvis .     a - +0 war axe
rCold  . . .     Gourm    .     b - +0 scale mail
rNeg   . . .     Faith    .     c - +0 shield
rPois  .         Spirit   .     (no helmet)
rElec  .         Reflect  .     y - +0 cloak
rCorr  .         Harm     .     z - +0 pair of gloves
MR     .....                    p - +0 pair of boots
Stlth  ..........               (no amulet)
                                (no ring)
                                (no ring)

@: non-regenerating, heavily drained
A: damage resistance, recharge devices, sense surroundings 1, slow regeneration
3
a: Device Recharging, Renounce Religion


You were on level 4 of the Dungeon.
You worshipped Makhleb.
Makhleb was noncommittal.
You were not hungry.

You visited 2 branches of the dungeon, and saw 5 of its levels.

You collected 146 gold pieces.

Inventory:

Hand Weapons
 a - a +0 war axe (weapon)
 A - a +3 dagger of draining
   (You took it off Ijyb on level 3 of the Dungeon)
Missiles
 g - 21 sling bullets
 o - 74 arrows
 t - 52 stones (quivered)
Armour
 b - a +0 scale mail (worn)
 c - a +0 shield (worn)
 j - a +0 ring mail
   (You found it on level 1 of the Dungeon)
 p - a +0 pair of boots (worn)
   (You found it on level 1 of the Dungeon)
 y - a +0 cloak (worn)
   (You found it on level 2 of the Dungeon)
 z - a +0 pair of gloves (worn)
   (You found it on level 4 of the Dungeon)
Jewellery
 q - a cursed ring of loudness {unknown}
   (You found it on level 2 of the Dungeon)
Wands
 e - a wand of heal wounds (1/9)
 x - a wand of iceblast (6/15)
   (You found it on level 2 of the Dungeon)
 C - a wand of paralysis (13/24)
   (You took it off a goblin on level 3 of the Dungeon)
Scrolls
 h - 2 scrolls of enchant weapon {unknown}
 i - a scroll of amnesia {unknown}
 k - 2 scrolls of magic mapping {unknown}
 n - 5 scrolls of identify {unknown}
 r - 2 scrolls of immolation {unknown}
 u - a scroll of fear {unknown}
 v - a scroll of random uselessness {unknown}
 B - a scroll of teleportation {unknown}
 D - a scroll of noise {unknown}
 G - a scroll of blinking {unknown}
 H - a scroll of enchant armour {unknown}
Potions
 d - 2 potions of might
 l - 3 potions of curing {unknown}
 m - a potion of lignification {unknown}
 s - a potion of agility {unknown}
 E - a potion of cancellation {unknown}
 F - a potion of magic {unknown}
Comestibles
 f - 2 bread rations
 w - a meat ration


   Skills:
 + Level 4.1(2.5) Fighting
 * Level 5.4(3.7) Axes
 + Level 4.9(3.2) Armour
 - Level 3.2(1.7) Shields


You had 5 spell levels left.
You didn't know any spells.

Dungeon Overview and Level Annotations

Branches:
Dungeon (4/15)             Temple (1/1) D:4

Altars:
Dithmenos
Gozag
Kikubaaqudgha
Makhleb
Nemelex Xobeh
Okawaru
Qazlal
Ru
Sif Muna
Trog
Uskayaw
Vehumet
Yredelemnul
Zin
The Shining One


Innate Abilities, Weirdness & Mutations

You are resistant to damage.
You can recharge devices by infusing magical energy.
You passively map a small area around you.
You do not regenerate.


Message History

Found a burning altar of Makhleb and a glowing golden altar of the Shining One.
A burning altar of Makhleb.
There is an iron altar of Okawaru here.
Found a shadowy altar of Dithmenos and a stormy altar of Qazlal.
There is a burning altar of Makhleb here.
Unknown command.
Press < or > to pray at altars.
You kneel at the altar of Makhleb.
Makhleb welcomes you!
Found a hide-covered altar of Uskayaw and a bloodstained altar of Trog.
There is a shadowy altar of Dithmenos here.
Done exploring.
Done exploring.
You can't see that place. [a fountain of clear blue water.]
There is a fountain of clear blue water here.
There is an open gate here.
You can't see that place. [the floor.]
There is a staircase back to the Dungeon here.
You can't go down here!
You climb upwards.
Welcome back to the Dungeon!
There is a staircase to the Ecumenical Temple here.
Wear which item? (? for menu, Esc to quit)
Okay, then.
Wield which item (- for none, * to show all)? (? for menu, Esc to quit)
Okay, then.
Existing waypoints: (0) D:3 Assign waypoint to what number? (0-9, D - delete waypoint) Existing waypoints: (0) D:3 Delete which waypoint? (* - delete all, Esc - exit) All waypoints deleted.
Have a nice day!
z - a pair of gloves You start putting on your armour.
You continue putting on your pair of gloves. x4
You finish putting on your +0 pair of gloves.
You now have 138 gold pieces (gained 12).
You now have 146 gold pieces (gained 8).
Found a stone staircase leading down.
H - a scroll labeled NAGHUD ECIBI A dart slug comes into view.
Unknown command.
A leopard gecko comes into view.
An ogre comes into view. It is wielding a giant spiked club.
The dart slug barely misses you.
You hit the dart slug. You block the dart slug's attack.
You slash the dart slug!
You kill the dart slug!
Makhleb accepts your kill.
Your shield and scale mail prevent you from hitting the leopard gecko.
You block the leopard gecko's attack. The leopard gecko closely misses you.
You barely miss the leopard gecko. The leopard gecko barely misses you.
The leopard gecko bites you but does no damage.
The ogre hits you with a giant spiked club.
* * * LOW HITPOINT WARNING * * *
The leopard gecko barely misses you.
You closely miss the leopard gecko. The leopard gecko bites you.
You block the leopard gecko's attack. The ogre barely misses you.
You slash the leopard gecko!
You kill the leopard gecko!
Makhleb accepts your kill.
The ogre hits you with a giant spiked club!
* * * LOW HITPOINT WARNING * * *
Here: an ogre, wielding a giant spiked club The floor.
Okay, then.
You feel much better.
This wand has 1 charge left.
You slash the ogre! You block the ogre's attack.
Here: an ogre, wielding a giant spiked club (heavily wounded)
The floor.
You hit the ogre but do no damage. You block the ogre's attack.
You hit the ogre.
The ogre hits you with a giant spiked club.
Here: an ogre, wielding a giant spiked club (heavily wounded)
The floor.
Your shield and scale mail prevent you from hitting the ogre.
The ogre hits you with a giant spiked club!
* * * LOW HITPOINT WARNING * * *
Here: an ogre, wielding a giant spiked club (heavily wounded)
The floor.
Your shield and scale mail prevent you from hitting the ogre.
The ogre completely misses you.
Here: an ogre, wielding a giant spiked club (heavily wounded)
The floor.
You slash the ogre! You block the ogre's attack.
Here: an ogre, wielding a giant spiked club (almost dead)
The floor, spattered with blood.
You barely miss the ogre. You block the ogre's attack. x2
Your shield and scale mail prevent you from hitting the ogre.
The ogre barely misses you.
Your scale mail prevents you from hitting the ogre.
The ogre hits you with a giant spiked club.
* * * LOW HITPOINT WARNING * * *
The floor.
You hit the ogre but do no damage. The ogre completely misses you.
You hit the ogre.
The ogre hits you with a giant spiked club!
You die...

░ .. , ░ ░ ▒▒▒.▒ ░ , ,
,..▒.▒ , ▒▒▒▒▒▒▒▒ ░ ▒.▒.▒
▒......▒ ▒.▒.▒ ,
▒.▒▒▒▒.▒▒▒▒▒▒▒▒▒▒▒.▒.▒
....<...............>▒▒..▒
................gO.......▒
▒....▒..............†!...▒
▒.▒▒.▒.▒▒▒▒▒▒▒▒▒▒▒▒........
.. ▒.▒▒▒....▒▒▒▒ ▒..!.....
▒▒▒▒....>....... .........
............▒▒▒▒
░▒.......▒░ ▒▒▒▒.▒▒.....▒
▒.......▒ ▒.........▒▒
▒.......▒ ▒.........▒


You could see an ogre.

Vanquished Creatures
  A scorpion (D:4)
  A bullfrog zombie (D:3)
  A hound (D:4)
  An orc priest (D:3)
  An orc wizard (D:3)
  Ijyb (D:3)
  Natasha (thrice) (D:3)
  3 adders (D:2)
  An ooze (D:1)
  A dart slug (D:4)
  5 leopard geckos
  8 orcs (D:3)
  9 bats
  2 giant cockroaches (D:1)
  6 goblins
  3 hobgoblins
  2 quokkas
  3 ball pythons
  7 kobolds
  3 rats
62 creatures vanquished.

Notes
Turn   | Place    | Note
-------+----------+-------------------------------------------
     0 | D:1      | Jesseh the Deep Dwarf Fighter began the quest for the Orb.
     0 | D:1      | Reached XP level 1. HP: 20/20 MP: 1/1
   397 | D:1      | Reached XP level 2. HP: 22/27 MP: 2/2
   465 | D:1      | Reached skill level 3 in Fighting
   787 | D:2      | Reached XP level 3. HP: 21/34 MP: 3/3
   802 | D:2      | Reached skill level 3 in Axes
  1303 | D:2      | Found a faded altar of an unknown god.
  1630 | D:3      | Noticed Natasha
  1630 | D:3      | Noticed Ijyb
  1637 | D:3      | Reached XP level 4. HP: 30/42 MP: 4/4
  1656 | D:3      | Killed Natasha
  1656 | D:3      | Reached skill level 4 in Armour
  1664 | D:3      | Killed Ijyb
  1664 | D:3      | Reached skill level 4 in Axes
  1684 | D:3      | Found a sacrificial altar of Ru.
  1775 | D:3      | Found a glowing silver altar of Zin.
  1776 | D:3      | Found an opulent altar of Gozag.
  1858 | D:3      | Noticed Natasha
  1871 | D:3      | Killed Natasha
  1871 | D:3      | Reached XP level 5. HP: 29/49 MP: 5/5
  1954 | D:3      | HP: 11/50 [orc wizard/magic dart (3)]
  2088 | D:3      | Noticed Natasha
  2099 | D:3      | Killed Natasha
  2099 | D:3      | Reached skill level 5 in Axes
  2099 | D:3      | Reached XP level 6. HP: 33/57 MP: 6/6
  2173 | D:3      | Found a radiant altar of Vehumet.
  2173 | D:3      | Found an ancient bone altar of Kikubaaqudgha.
  2571 | D:4      | Found a staircase to the Ecumenical Temple.
  2587 | D:4      | Reached skill level 4 in Fighting
  2590 | D:4      | HP: 14/57 [scorpion (3)]
  2602 | Temple   | Entered the Ecumenical Temple
  2782 | Temple   | Became a worshipper of Makhleb the Destroyer
  2867 | D:4      | HP: 12/57 [ogre/giant spiked club (2)]
  2882 | D:4      | HP: 14/57 [ogre/giant spiked club (3)]
  2884 | D:4      | Slain by an ogre

Skill      XL: |  1  2  3  4  5  6 |
---------------+-------------------+-----
Fighting       | 3 4 |  4.1
Axes           | 3 4 5 |  5.4
Armour         | 4 |  4.9
Shields        | |  3.2

Action                   |  1- 3 |  4- 6 || total
-------------------------+-------+-------++-------
Melee: War axe           |   140 |   135 ||   275
Throw: Stone             |       |     1 ||     1
Evoke: Wand              |     1 |     3 ||     4
  Eat: Chunk             |     3 |     3 ||     6
       Bread ration      |       |     1 ||     1
Armor: Ring mail         |    55 |       ||    55
       Scale mail        |    13 |    84 ||    97
Dodge: Dodged            |    59 |    61 ||   120
Block: Shield            |    98 |    83 ||   181

Vault maps used:
D:1:      scummos_arrival_checkerplants
D:2:      ecumenical_altar_1
D:3:      grunt_temple_overflow_gold_and_silver, nicolae_ru_awakened_eye,
          gammafunk_temple_overflow_statue, uniq_natasha, uniq_iyjb
D:4:      uniq_crazy_yiuf_cottage, uniq_edmund
Temple:   jpeg_temple_alley_garden

Table legend:
 A = Turns spent in this place as a percentage of turns spent in the entire game.
 B = Non-inter-level travel turns spent in this place as a percentage of non-inter-level travel turns spent in the entire game.
 C = Inter-level travel turns spent in this place as a percentage of turns spent in this place.
 D = Turns resting spent in this place as a percentage of non-inter-level travel turns spent in this place.
 E = Turns spent auto-exploring this place as a percentage of non-inter-level travel turns spent in this place.
 F = Non-inter-level travel turns spent in this place divided by the number of levels of this place that you've seen.
                   A       B       C       D       E      F
               +-------+-------+-------+-------+-------+----------------------
         Total | 100.0 | 100.0 |   0.2 |   0.5 |   4.9 | 241.8
       Dungeon |  95.1 |  95.1 |   0.2 |   0.5 |   4.4 | 287.5
        Temple |   4.9 |   4.9 |   0.0 |   0.0 |  13.6 |  59.0
               +-------+-------+-------+-------+-------+----------------------

Table legend:
 A = Kills in this place as a percentage of kills in entire the game.
 B = Kills by you in this place as a percentage of kills by you in the entire game.
 C = Kills by friends in this place as a percentage of kills by friends in the entire game.
 D = Other kills in this place as a percentage of other kills in the entire game.
 E = Experience gained in this place as a percentage of experience gained in the entire game.
 F = Experience gained in this place divided by the number of levels of this place that you have seen.
                   A       B       C       D       E      F
               +-------+-------+-------+-------+-------+----------------------
         Total | 100.0 | 100.0 |  -nan |  -nan | 100.0 | 105.0
       Dungeon | 100.0 | 100.0 |  -nan |  -nan | 100.0 | 131.2
               +-------+-------+-------+-------+-------+----------------------
